Map: Central Protocol

Players

Snute - Winner!

  • Race: Zerg Zerg

MaSa

  • Race: Terran Terran

Event: 2016 WCS Winter Circuit Championship

VOD

Have the link to the VOD?

Description

Time

  • Played on: March 4, 2016, 6:58 a.m.
  • Length: 14:42

All games in this series

Show
View Real Time Build Order
Export as new Build Order

Snute Zerg - Winner!

Build Orders: Hatch First 

Get SALT Encoding   

  12  0:00  Drone  
  13  0:12  Overlord  
  13  0:17  Drone  
  14  0:30  Drone x2  
  14  0:34  Drone  
  17  0:52  Hatchery  
  17  0:54  Drone  
  17  0:58  Drone  
  17  1:00  Extractor  
  17  1:13  Spawning Pool  
  17  1:16  Drone  
  17  1:19  Drone  
  18  1:28  Drone  
  19  1:38  Overlord  
  19  2:00  Queen  
  19  2:01  Metabolic Boost, Zergling x4  
  23  2:04  Queen  
  25  2:11  Drone  
  26  2:21  Drone  
  27  2:26  Overlord  
  27  2:28  Drone x2  
  29  2:36  Drone  
  30  2:37  Queen  
  32  2:51  Overlord  
  32  2:52  Drone x2  
  32  2:53  Drone  
  35  2:59  Drone  
  35  3:04  Overlord  
  36  3:10  Drone  
  36  3:11  Drone x3  
  41  3:12  Drone  
  41  3:18  Overlord  
  41  3:22  Drone x2  
  41  3:25  Drone  
  44  3:33  Overlord  
  44  3:41  Hatchery  
  43  3:44  Drone x2  
  43  3:46  Drone  
  46  3:49  Drone  
  46  3:53  Drone x2  
  46  3:55  Drone x4  
  53  4:02  Drone  
  54  4:05  Drone  
  54  4:07  Queen x2  
  54  4:09  Extractor  
  58  4:13  Drone  
  59  4:18  Drone, Evolution Chamber x2  
  58  4:25  Hatchery  
  58  4:28  Drone  
  58  4:29  Drone x3  
  58  4:30  Drone  
  61  4:33  Drone x2  
  61  4:34  Drone  
  64  4:42  Extractor  
  64  4:43  Lair  
  64  4:44  Extractor  
  62  4:46  Zergling x4  
  62  4:49  Zerg Melee Weapons Level 1  
  64  4:58  Zerg Ground Armor Level 1  
  64  5:00  Queen  
  64  5:01  Drone  
  64  5:02  Drone x4  
  70  5:08  Drone  
  70  5:09  Drone x2  
  70  5:11  Overlord  
  73  5:24  Overlord x2  
  73  5:32  Drone x4  
  73  5:33  Drone x2  
  79  5:35  Overlord  
  79  5:39  Drone  
  79  5:42  Infestation Pit  
  79  5:45  Roach Warren  
  79  5:46  Drone x5  
  79  5:48  Queen, Extractor  
  79  5:49  Extractor  
  82  5:59  Zergling x2  
  82  6:00  Zergling x10  
  87  6:07  Pneumatized Carapace  
  87  6:08  Zergling x4  
  87  6:09  Queen  
  91  6:14  Zergling x6  
  91  6:15  Overlord  
  94  6:19  Infestor  
  94  6:21  Overlord x2  
  94  6:24  Glial Reconstitution  
  96  6:27  Overlord  
  96  6:28  Overlord  
  96  6:29  Hive  
  94  6:44  Zerg Melee Weapons Level 2  
  94  6:46  Infestor x2  
  96  6:48  Roach x5  
  96  6:49  Roach x3  
  114  7:01  Hatchery  
  113  7:16  Ravager x4  
  113  7:17  Zergling x18, Ravager x2  
  113  7:18  Overlord x3  
  128  7:28  Zergling x2  
  128  7:29  Zergling x14  
  120  7:46  Zerg Ground Armor Level 2, Adrenal Glands  
  120  7:49  Zergling x14  
  127  7:53  Ultralisk Cavern  
  127  7:54  Zergling x4  
  127  7:56  Queen x2  
  132  7:59  Drone  
  132  8:00  Drone x6  
  139  8:15  Overlord x6  
  135  8:42  Ultralisk x4  
  157  8:53  Overseer  
  157  8:54  Chitinous Plating  
  149  9:06  Ultralisk  
  146  9:18  Drone x5  
  146  9:19  Ultralisk  
  157  9:25  Hatchery  
  157  9:26  Zergling x16  
  157  9:27  Zergling x4  
  161  9:40  Zergling x2  
  161  9:41  Zergling x16  
  162  9:53  Ultralisk  
  162  9:55  Zerg Melee Weapons Level 3  
  162  9:56  Zergling x2  
  162  9:57  Zergling x4  
  162  9:58  Zergling x2  
  162  9:59  Zergling x2  
  173  10:02  Zergling x6  
  176  10:25  Zergling x16  
  176  10:26  Zergling x12  
  190  10:31  Zerg Ground Armor Level 3  
  176  10:57  Zergling x14  
  176  10:59  Queen  
  181  11:05  Queen, Zergling x2  
  181  11:06  Queen, Overlord x2  
  170  11:24  Queen  
  166  11:35  Queen  
  161  11:41  Queen  
  160  11:54  Overlord x3  
  160  11:59  Hatchery  
  159  12:10  Ultralisk  
  159  12:11  Ultralisk  
  171  12:23  Ultralisk x2, Zergling x2  
  171  12:24  Ultralisk x2  
  195  12:47  Zergling x10  
  195  12:48  Hatchery  
  196  13:20  Zergling x6  
  196  13:21  Spire  
  188  13:41  Infestor x2  
  188  13:42  Infestor x2  
  181  14:00  Ultralisk x3  
  181  14:01  Ultralisk x2  
  181  14:02  Ultralisk  
Show
View Real Time Build Order
Export as new Build Order

MaSa Terran 

Build Orders: Reaper Expand, MMM Bio 

Get SALT Encoding   

  12  0:00  SCV  
  13  0:12  SCV  
  14  0:17  Supply Depot  
  14  0:24  SCV  
  15  0:38  SCV  
  15  0:39  Barracks  
  16  0:44  Refinery  
  16  0:50  SCV  
  17  1:02  SCV  
  18  1:15  SCV  
  19  1:26  Reaper  
  19  1:27  Orbital Command  
  20  1:39  Command Center  
  20  1:53  Supply Depot, SCV  
  21  1:58  Marine  
  22  2:05  Factory  
  22  2:06  SCV  
  23  2:11  Refinery  
  23  2:16  Marine  
  23  2:20  SCV  
  25  2:32  SCV  
  25  2:35  Barracks Reactor  
  26  2:44  SCV  
  27  2:52  Orbital Command  
  27  2:55  Starport  
  27  2:56  Factory Tech Lab  
  27  2:57  SCV  
  28  3:01  Bunker  
  28  3:09  SCV  
  29  3:13  Marine x2  
  29  3:18  Siege Tank  
  29  3:19  SCV  
  35  3:21  SCV  
  36  3:31  SCV  
  36  3:33  SCV  
  38  3:37  Medivac  
  40  3:42  Supply Depot  
  40  3:43  SCV  
  40  3:45  SCV  
  42  3:55  SCV  
  42  3:57  Command Center  
  42  3:59  Siege Tank  
  46  4:04  SCV  
  46  4:07  Marine x2  
  46  4:09  SCV  
  49  4:11  Supply Depot  
  49  4:17  Medivac  
  49  4:18  SCV  
  49  4:21  SCV  
  53  4:30  SCV  
  54  4:35  Barracks x2  
  54  4:38  SCV  
  55  4:40  Marine  
  55  4:41  Stimpack  
  56  4:45  Factory Reactor  
  56  4:47  SCV  
  56  4:48  Refinery  
  56  4:49  Supply Depot  
  57  4:53  SCV  
  57  4:55  Refinery  
  57  4:59  Viking  
  60  5:02  SCV  
  60  5:06  SCV  
  62  5:09  Marine  
  62  5:11  Orbital Command  
  63  5:18  Engineering Bay  
  63  5:19  Engineering Bay  
  63  5:23  SCV  
  63  5:28  Marine x2  
  65  5:35  SCV, Marine x3  
  67  5:36  SCV, Starport Reactor  
  67  5:39  Orbital Command  
  67  5:40  Factory Reactor  
  71  5:47  Terran Infantry Armor Level 1, Barracks  
  71  5:48  Barracks  
  71  5:50  Terran Infantry Weapons Level 1  
  71  5:55  SCV  
  72  5:57  SCV  
  72  5:59  Marine x3  
  72  6:00  Marine x2  
  78  6:07  Supply Depot, SCV  
  79  6:15  Medivac x2  
  79  6:16  SCV x2  
  85  6:23  Supply Depot  
  85  6:28  Marine x5  
  85  6:30  Supply Depot  
  90  6:35  Barracks Reactor  
  90  6:37  SCV x2  
  90  6:38  Barracks Reactor  
  92  6:44  Widow Mine x2  
  92  6:45  Medivac x2  
  92  6:46  Marine  
  101  6:51  Marine x4  
  101  6:52  Supply Depot  
  105  6:56  Combat Shields, SCV x3  
  108  7:04  Marine  
  105  7:08  SCV  
  105  7:09  Marine  
  105  7:14  Widow Mine x2, Marine x6  
  116  7:16  SCV  
  116  7:18  Barracks  
  116  7:19  Barracks  
  117  7:23  SCV  
  117  7:26  Marine  
  117  7:27  Marine  
  117  7:29  SCV  
  114  7:30  Marine  
  114  7:31  Marine  
  114  7:32  Marine  
  114  7:34  SCV  
  114  7:35  Armory  
  114  7:36  Barracks  
  114  7:38  Marine x3  
  114  7:39  Marine  
  114  7:44  Medivac  
  116  7:45  SCV  
  116  7:47  Barracks  
  116  7:50  Supply Depot, Factory Tech Lab  
  117  8:05  Supply Depot  
  117  8:06  Supply Depot  
  117  8:07  SCV, Medivac, Marine x7  
  117  8:08  Marauder  
  117  8:09  Barracks Tech Lab x2  
  129  8:13  Marine  
  129  8:14  Medivac  
  132  8:24  Siege Tank  
  132  8:25  Barracks Tech Lab, Marine x3  
  132  8:26  Terran Infantry Weapons Level 2  
  138  8:27  SCV  
  138  8:29  Marauder  
  138  8:33  Terran Infantry Armor Level 2  
  140  8:38  Refinery  
  140  8:40  Marine x2  
  139  8:46  SCV x2  
  129  8:50  Marine x3  
  129  8:55  SCV, Marine  
  128  8:56  Marine x2  
  128  8:57  Marauder  
  128  9:01  Siege Tank  
  125  9:07  SCV  
  124  9:12  Marauder x2, Marine  
  124  9:14  SCV  
  124  9:16  SCV  
  131  9:20  Marine x4  
  135  9:24  Marine  
  135  9:25  Marauder  
  135  9:27  Marine x2  
  136  9:33  Marauder, Marine  
  136  9:37  Concussive Shells  
  126  9:40  Marauder  
  126  9:41  Marine  
  126  9:42  SCV  
  126  9:43  Liberator  
  110  9:47  Liberator  
  110  9:48  Marine x2  
  110  9:49  SCV, Marine  
  113  9:54  Marine x2  
  113  9:56  Siege Tank  
  124  10:07  Marauder  
  124  10:09  SCV x2  
  124  10:13  Marauder, SCV  
  131  10:17  Marine  
  131  10:20  Marine  
  131  10:21  SCV x2, Marine  
  135  10:24  Marine  
  135  10:25  SCV  
  135  10:28  Liberator, Marauder  
  140  10:32  Ghost Academy  
  139  10:40  Marine x3  
  139  10:41  Marine x3  
  147  10:53  Siege Tank  
  147  10:55  Marauder, Marine  
  149  10:57  Marine  
  139  11:11  Terran Infantry Armor Level 3  
  139  11:16  Terran Infantry Weapons Level 3  
  138  11:18  Marine  
  138  11:19  Marine  
  135  11:26  Marine  
  134  11:33  Liberator x2  
  125  11:42  Marine x2  
  131  11:57  Barracks Reactor  
  131  11:58  Orbital Command, Marine  
  131  11:59  SCV, Marine x2  
  134  12:04  Siege Tank  
  135  12:16  Liberator, Marine  
  135  12:17  Marine  
  135  12:19  Liberator  
  137  12:23  Barracks Tech Lab  
  143  12:43  Marine  
  140  12:53  Barracks Tech Lab  
  140  12:56  Siege Tank  
  143  12:59  Liberator  
  143  13:00  Ghost Academy  
  143  13:09  Marine  
  143  13:10  Marauder  
  146  13:13  Orbital Command  
  149  13:27  Supply Depot, Refinery x2  
  149  13:28  Supply Depot x2  
  149  13:32  Medivac  
  142  13:42  Liberator  
  142  13:46  Marine x3  
  118  14:01  Marauder x2, Marine x2  
Tags
 
Add a new tag
Caveats
  • Supply blocks, unpowered buildings, or Contaminate may cause inaccurate times.
  • Supply counts are checked every 10 seconds.